 Dungeon Sprint DCSS version 0.30-a0-371-gad7725a93e (webtiles) character file.

Game seed: 15182770693337100122

42300000 garrulousMonolith the Axe Maniac (level 27, -2/228 HPs)
             Began as a Djinni Warper on Nov 22, 2022.
             Was the Champion of Makhleb.
             Slain by a meat berserker
             ... wielding a +9 battleaxe
              (67 damage)
             ... in the Dungeon (Sprint VIII: "Arena of Blood").
             The game lasted 00:10:09 (423 turns).

garrulousMonolith the Axe Maniac (Djinni Warper)     Turns: 423, Time: 00:10:09

Health: -2/228     AC:  6    Str: 10    XL:     27
Gold:   0          EV: 35    Int: 18    God:    Makhleb [******] SH:  0 Dex: 24

rFire   + + .      SeeInvis +    i - +∞ Axe of Woe
rCold   x . .      Faith    .    (shield currently unavailable)
rNeg    . . .      Spirit   .    b - +0 leather armour
rPois   ∞          Reflect  .    (no helmet)
rElec   .          Harm     .    (no cloak)
rCorr   .          Rampage  .    (no gloves)
Will    ++...      NoTele   +    (boots unavailable)
Stlth   +++.......               (no amulet)
HPRegen 0.58/turn                j - ring of see invisible
MPRegen 0.00/turn                (no ring)

@: confused, flying
A: sickness immunity, fire resistance 2, cold vulnerability 1, float, innate
caster, HP casting, extra vitality 1
}: 1/15 runes: slimy
a: Renounce Religion, Minor Destruction, Lesser Servant of Makhleb, Major
Destruction, Greater Servant of Makhleb


You were in the Dungeon.
You worshipped Makhleb.
Makhleb was exalted by your worship.
You visited 1 branch

Inventory:

Hand Weapons
 a - a +0 hand axe
 i - the +∞ Axe of Woe (weapon)
   (You found it in the Dungeon)
Missiles
 d - 7 boomerangs of dispersal (quivered)
Armour
 b - a +0 leather armour (worn)
Jewellery
 j - a ring of see invisible (left hand)
Scrolls
 c - 2 scrolls of blinking
Potions
 f - a potion of heal wounds
 g - a potion of haste
 h - a potion of berserk rage


   Skills:
 O Level 27 Fighting
 O Level 27 Short Blades
 O Level 27 Long Blades
 O Level 27 Axes
 O Level 27 Maces & Flails
 O Level 27 Polearms
 O Level 27 Staves
 O Level 27 Ranged Weapons
 O Level 27 Throwing
 O Level 27 Armour
 O Level 27 Dodging
 O Level 27 Stealth
 O Level 27 Shields
 O Level 27 Unarmed Combat
 O Level 27 Spellcasting
 O Level 27 Invocations
 O Level 27 Evocations


You couldn't memorise any spells.
You knew the following spells:

 Your Spells              Type           Power      Damage    Failure   Level
a - Blink                 Tloc           100%       N/A       0%          2
b - Lesser Beckoning      Tloc           100%       N/A       0%          3
c - Vhi's Electric Charg  Tloc/Air       100%       N/A       0%          3
d - Teleport Other        Tloc           88%        N/A       0%          3
e - Manifold Assault      Tloc           88%        N/A       0%          4
f - Sandblast             Erth           100%       2d20      0%          1
g - Searing Ray           Conj           100%       2d8       0%          2
h - Tukima's Dance        Hex            88%        N/A       0%          3
i - Summon Ice Beast      Ice/Summ       88%        N/A       0%          4
j - Summon Lightning Spi  Summ/Air       88%        N/A       0%          4
k - Borgnjor's Vile Clut  Necr/Erth      44%        N/A       0%          5
l - Dispersal             Tloc           44%        N/A       0%          6
m - Eringya's Noxious Bo  Tmut/Pois      44%        N/A       0%          6
n - Malign Gateway        Summ/Tloc      44%        N/A       1%          7
o - Enfeeble              Hex            44%        N/A       1%          7
p - Summon Horrible Thin  Summ           44%        N/A       1%          8
q - Polar Vortex          Ice            44%        N/A       2%          9
r - Fire Storm            Conj/Fire      44%        8d11      2%          9
Your spell library was empty.

Dungeon Overview and Level Annotations

Branches:
Dungeon (1/1)

Altars:
Makhleb


Innate Abilities, Weirdness & Mutations

You are immune to sickness and miasma.
You are immune to poison.
Your flesh is very heat resistant. (rF++)
You are vulnerable to cold. (rC-)
You float through the air rather than walking.
You learn spells naturally, not from books.
Your magical power is your life essence.
You have superior vitality. (+4 MHP)


Message History

The observer turns its gaze towards you.
The bag of meat shouts!
You slash the vile! You chop the vile into pieces.
You destroy the vile!
Makhleb accepts your kill.
You feel better.
You slice the fleshlord!!
You pulverise the fleshlord into a thin bloody mist.
You kill the fleshlord!
Makhleb accepts your kill.
You feel better.
You hear a shout!
The vile throws damnation at you.
The sphere of damnation explodes!
The damnation engulfs you!! The observer gazes at you. Something smites you!
A vile comes into view. It is wielding a +0 mace.
You are more confused.
A vile comes into view. It is wielding a +0 mace.
You hear a shout!
A fleshlord comes into view. It is wielding a +9 great mace.
A bag of meat comes into view. It is wielding a +9 war axe.
You hear a shout!
A scourge comes into view.
The bag of meat shouts!
You hear a shout!
You hear a bleat!
You hear a shout! x3
A vile comes into view. It is wielding a +0 mace.
The meat berserker hits you with a +9 battleaxe!!
The meat berserker rages.
A vile comes into view. It is wielding a +1 mace of protection.
The vile misses you. The vile completely misses you.
The fleshlord mumbles some strange words.
The fleshlord seems to speed up.
The observer gazes at you. Something smites you!
* * * LOW HITPOINT WARNING * * *
You're too confused to move!
You hear a shout! x3
A vile comes into view. It is wielding a +0 mace.
The meat berserker hits you with a +9 battleaxe!!!
You die...

## ## #.# ### .
#.##.##. #......
##.....###.##
##..#......))#
#..#...9#))##.#
..#..9.@#).###.
....G99O9V9.....
##.....999O99p..##
...9...99999p9))9.#
....99o9999.p.GWo)#
....9M)99)9o99)9S)..
....9)9...).9pWVo†).)
#...))).....9).)p†)))
..9).))))......oG9))


You could see an accursed, 2 destroyers, 2 observers, a scourge, 5 fleshlords,
36 viles, 2 meat berserkers, 2 wretched souls and 4 bags of meat.

Vanquished Creatures
  67 molten gargoyles (D)
  A slime creature (D)
  14 hell knights (D)
  6 hell beasts (D)
  7 royal mummies (D)
  20 great orbs of eyes (D)
  11 wraiths (D)
  6 vampire knights (D)
  42 ogres (D)
  4 two-headed ogres (D)
  8 liches (D)
  20 hydras (D)
  9 phantoms (D)
  59 orcs (D)
  6 skeletal warriors (D)
  17 sea snakes (D)
297 creatures vanquished.

Notes
Turn   | Place    | Note
-------+----------+-------------------------------------------
     0 | D        | Found the +∞ Axe of Woe
     0 | D        | garrulousMonolith the Djinni Warper began the quest for the
                  | Orb.
     0 | D        | garrulousMonolith set off with the following spells
                  | memorised: Blink, Lesser Beckoning, Vhi's Electric Charge,
                  | Teleport Other, Manifold Assault.
     0 | D        | Reached XP level 1. HP: 18/18 MP: 0/0
     4 | D        | Became a worshipper of Makhleb the Destroyer
     5 | D        | Noticed a bag of meat
     5 | D        | Noticed a meat berserker
     5 | D        | Noticed a bag of meat
     6 | D        | Noticed a meat berserker
     8 | D        | Killed a meat berserker
     8 | D        | Noticed a meat berserker
     9 | D        | Reached XP level 2. HP: 23/23 MP: 0/0
     9 | D        | Reached XP level 3. HP: 28/28 MP: 0/0
     9 | D        | Learned a level 1 spell: Sandblast
     9 | D        | Reached XP level 4. HP: 33/33 MP: 0/0
     9 | D        | Reached XP level 5. HP: 38/38 MP: 0/0
     9 | D        | Learned a level 2 spell: Searing Ray
     9 | D        | Reached XP level 6. HP: 43/43 MP: 0/0
     9 | D        | Reached XP level 7. HP: 49/49 MP: 0/0
     9 | D        | Learned a level 3 spell: Tukima's Dance
     9 | D        | Reached XP level 8. HP: 54/54 MP: 0/0
     9 | D        | Reached XP level 9. HP: 58/58 MP: 0/0
     9 | D        | Learned a level 4 spell: Summon Ice Beast
     9 | D        | Reached XP level 10. HP: 64/64 MP: 0/0
     9 | D        | Reached XP level 11. HP: 68/68 MP: 0/0
     9 | D        | Learned a level 4 spell: Summon Lightning Spire
     9 | D        | Reached XP level 12. HP: 74/74 MP: 0/0
     9 | D        | Noticed a meat berserker
     9 | D        | Killed a bag of meat
     9 | D        | Reached * piety under Makhleb
    10 | D        | Reached XP level 13. HP: 78/78 MP: 0/0
    10 | D        | Learned a level 5 spell: Borgnjor's Vile Clutch
    10 | D        | Killed a meat berserker
    10 | D        | Killed a bag of meat
    11 | D        | Reached skill level 27 in Axes
    11 | D        | Reached skill level 10 in Spellcasting
    11 | D        | Reached XP level 14. HP: 111/111 MP: 0/0
    11 | D        | Killed a meat berserker
    11 | D        | Reached ** piety under Makhleb
    12 | D        | Reached XP level 15. HP: 124/124 MP: 0/0
    12 | D        | Learned a level 6 spell: Dispersal
    12 | D        | Noticed a meat berserker
    14 | D        | Killed a meat berserker
    15 | D        | Reached skill level 15 in Spellcasting
    15 | D        | Noticed a meat berserker
    15 | D        | Noticed a meat berserker
    16 | D        | Noticed a meat berserker
    16 | D        | Noticed a meat berserker
    18 | D        | Noticed a meat berserker
    18 | D        | Killed a meat berserker
    19 | D        | Reached XP level 16. HP: 142/142 MP: 0/0
    19 | D        | Killed a meat berserker
    19 | D        | Reached *** piety under Makhleb
    20 | D        | Killed a meat berserker
    20 | D        | Killed a meat berserker
    20 | D        | Noticed a meat berserker
    21 | D        | Reached skill level 27 in Fighting
    21 | D        | Reached XP level 17. HP: 160/160 MP: 0/0
    21 | D        | Learned a level 6 spell: Eringya's Noxious Bog
    21 | D        | Noticed a large bag of meat
    21 | D        | Noticed a meat berserker
    21 | D        | Noticed a meat berserker
    21 | D        | Noticed a meat berserker
    21 | D        | Noticed a large bag of meat
    22 | D        | Noticed a meat berserker
    22 | D        | Noticed a meat berserker
    23 | D        | Noticed a meat berserker
    23 | D        | Killed a meat berserker
    23 | D        | Reached **** piety under Makhleb
    23 | D        | Killed a meat berserker
    24 | D        | Reached XP level 18. HP: 167/167 MP: 0/0
    25 | D        | Noticed a large bag of meat
    25 | D        | Killed a meat berserker
    25 | D        | Killed a meat berserker
    25 | D        | Reached ***** piety under Makhleb
    25 | D        | Noticed a meat berserker
    25 | D        | Noticed a destroyer
    26 | D        | Reached skill level 27 in Spellcasting
    26 | D        | Killed a meat berserker
    26 | D        | Killed a meat berserker
    27 | D        | Reached XP level 19. HP: 174/174 MP: 0/0
    27 | D        | Learned a level 7 spell: Malign Gateway
    27 | D        | Killed a large bag of meat
    27 | D        | Killed a large bag of meat
    27 | D        | Reached ****** piety under Makhleb
    27 | D        | Noticed a destroyer
    28 | D        | Reached skill level 27 in Dodging
    28 | D        | Reached skill level 27 in Stealth
    28 | D        | Reached skill level 5 in Armour
    28 | D        | Reached skill level 5 in Invocations
    28 | D        | Reached XP level 20. HP: 154/181 MP: 0/0
    28 | D        | Killed a meat berserker
    29 | D        | Reached XP level 21. HP: 183/187 MP: 0/0
    29 | D        | Learned a level 7 spell: Enfeeble
    29 | D        | Killed a meat berserker
    30 | D        | Killed a meat berserker
    30 | D        | Killed a meat berserker
    31 | D        | Reached XP level 22. HP: 192/194 MP: 0/0
    31 | D        | Killed a destroyer
    32 | D        | Reached skill level 27 in Armour
    32 | D        | Reached skill level 27 in Invocations
    34 | D        | Reached skill level 27 in Throwing
    34 | D        | Reached XP level 23. HP: 199/201 MP: 0/0
    34 | D        | Learned a level 8 spell: Summon Horrible Things
    36 | D        | Noticed a destroyer
    36 | D        | Killed a large bag of meat
    37 | D        | Killed a destroyer
    38 | D        | Reached skill level 27 in Unarmed Combat
    38 | D        | Reached skill level 5 in Short Blades
    38 | D        | Reached skill level 5 in Long Blades
    38 | D        | Reached skill level 5 in Staves
    38 | D        | Reached skill level 5 in Shields
    38 | D        | Reached skill level 5 in Evocations
    38 | D        | Reached XP level 24. HP: 201/208 MP: 0/0
    38 | D        | Noticed a destroyer
    39 | D        | Reached skill level 5 in Maces & Flails
    39 | D        | Reached skill level 5 in Polearms
    39 | D        | Reached skill level 5 in Ranged Weapons
    39 | D        | Killed a destroyer
    41 | D        | Reached skill level 10 in Shields
    41 | D        | Reached skill level 10 in Evocations
    42 | D        | Killed a destroyer
    43 | D        | Reached skill level 10 in Short Blades
    43 | D        | Reached skill level 10 in Maces & Flails
    43 | D        | Reached skill level 10 in Polearms
    43 | D        | Reached skill level 10 in Staves
    43 | D        | Reached skill level 10 in Ranged Weapons
    43 | D        | Noticed a destroyer
    44 | D        | Noticed an accursed
    45 | D        | Noticed a tyrant
    46 | D        | Reached XP level 25. HP: 214/214 MP: 0/0
    46 | D        | Learned a level 9 spell: Polar Vortex
    46 | D        | Killed an accursed
    46 | D        | Killed a tyrant
    47 | D        | Reached skill level 15 in Maces & Flails
    47 | D        | Reached skill level 15 in Polearms
    47 | D        | Reached skill level 15 in Ranged Weapons
    47 | D        | Killed a destroyer
    48 | D        | Reached XP level 26. HP: 221/221 MP: 0/0
    49 | D        | Noticed a tyrant
    49 | D        | Killed a tyrant
    52 | D        | Noticed a tyrant
    52 | D        | Killed a tyrant
    55 | D        | Noticed an accursed
    55 | D        | Noticed a tyrant
    56 | D        | Noticed a tyrant
    56 | D        | Killed a tyrant
    60 | D        | Noticed a dread
    61 | D        | Killed a dread
    62 | D        | Reached XP level 27. HP: 228/228 MP: 0/0
    62 | D        | Learned a level 9 spell: Fire Storm
    62 | D        | Noticed a dread
    63 | D        | Killed a dread
    63 | D        | Noticed a meat beast
    64 | D        | Killed a meat beast
    66 | D        | Noticed a meat beast
    67 | D        | Reached skill level 27 in Shields
    67 | D        | Reached skill level 27 in Evocations
    67 | D        | Killed a meat beast
    68 | D        | Reached skill level 27 in Short Blades
    68 | D        | Reached skill level 27 in Long Blades
    68 | D        | Reached skill level 27 in Staves
    69 | D        | Noticed a large bag of meat
    70 | D        | Killed a large bag of meat
    71 | D        | Reached skill level 27 in Polearms
    71 | D        | Reached skill level 27 in Ranged Weapons
    72 | D        | Reached skill level 27 in Maces & Flails
   100 | D        | Noticed an accursed
   101 | D        | Killed an accursed
   126 | D        | Noticed a meat beast
   152 | D        | Noticed a fleshlord
   153 | D        | Killed a fleshlord
   214 | D        | Noticed a fleshlord
   215 | D        | Killed a fleshlord
   222 | D        | Noticed an accursed
   223 | D        | Killed an accursed
   229 | D        | Noticed a dread
   230 | D        | Killed a dread
   230 | D        | Noticed a tyrant
   231 | D        | Killed a tyrant
   246 | D        | Noticed a vile
   247 | D        | Killed a vile
   250 | D        | Noticed a tyrant
   251 | D        | Killed a tyrant
   251 | D        | Noticed a vile
   252 | D        | Killed a vile
   252 | D        | Noticed a meat beast
   252 | D        | Noticed a tyrant
   253 | D        | Killed a tyrant
   253 | D        | Noticed a dread
   253 | D        | Noticed a fleshlord
   254 | D        | Killed a fleshlord
   254 | D        | Killed a dread
   254 | D        | Killed a meat beast
   256 | D        | Noticed a fleshlord
   257 | D        | Killed a fleshlord
   258 | D        | Noticed an accursed
   258 | D        | Noticed a vile
   259 | D        | Noticed a dread
   259 | D        | Killed a vile
   259 | D        | Killed a dread
   259 | D        | Noticed an accursed
   259 | D        | Noticed a dread
   260 | D        | Killed an accursed
   260 | D        | Noticed a fleshlord
   261 | D        | Killed a fleshlord
   261 | D        | Killed a dread
   262 | D        | Noticed a fleshlord
   262 | D        | Killed an accursed
   262 | D        | Killed a fleshlord
   262 | D        | Noticed a vile
   263 | D        | Killed a tyrant
   263 | D        | Killed a vile
   266 | D        | Noticed a vile
   267 | D        | Killed a vile
   267 | D        | Noticed a vile
   268 | D        | Killed a vile
   268 | D        | Noticed a vile
   269 | D        | Killed a vile
   272 | D        | Noticed a vile
   272 | D        | Killed a vile
   272 | D        | Noticed an accursed
   273 | D        | Noticed a vile
   273 | D        | Killed a vile
   273 | D        | Killed an accursed
   286 | D        | Noticed a vile
   287 | D        | Killed a vile
   290 | D        | Noticed a dread
   291 | D        | Killed a dread
   291 | D        | Noticed a vile
   292 | D        | Noticed a vile
   292 | D        | Noticed a vile
   292 | D        | Killed a vile
   292 | D        | Killed a vile
   292 | D        | Noticed a dread
   292 | D        | Noticed a vile
   293 | D        | Killed a dread
   293 | D        | Killed a vile
   293 | D        | Killed a vile
   293 | D        | Noticed a vile
   294 | D        | Killed a vile
   294 | D        | Noticed a vile
   295 | D        | Noticed a vile
   295 | D        | Killed a vile
   295 | D        | Killed a vile
   296 | D        | Noticed a vile
   296 | D        | Killed a vile
   297 | D        | Noticed a vile
   297 | D        | Noticed a vile
   298 | D        | Noticed a vile
   298 | D        | Killed a vile
   298 | D        | Killed a vile
   298 | D        | Killed a vile
   298 | D        | Noticed a vile
   299 | D        | Killed a vile
   300 | D        | Noticed a fleshlord
   300 | D        | Noticed a vile
   301 | D        | Killed a fleshlord
   301 | D        | Killed a vile
   303 | D        | Noticed a vile
   303 | D        | Killed a vile
   303 | D        | Noticed a vile
   303 | D        | Noticed a vile
   303 | D        | Noticed a fleshlord
   304 | D        | Killed a vile
   304 | D        | Killed a fleshlord
   304 | D        | Killed a vile
   304 | D        | Noticed a vile
   304 | D        | Noticed a fleshlord
   305 | D        | Killed a fleshlord
   305 | D        | Killed a vile
   306 | D        | Noticed a vile
   306 | D        | Noticed a meat beast
   308 | D        | Killed a meat beast
   308 | D        | Killed a vile
   315 | D        | Noticed a meat beast
   316 | D        | Killed a meat beast
   316 | D        | Noticed a dread
   317 | D        | Killed a dread
   324 | D        | Noticed an accursed
   325 | D        | Killed an accursed
   325 | D        | Noticed a vile
   326 | D        | Killed a vile
   327 | D        | Noticed a vile
   328 | D        | Killed a vile
   333 | D        | Noticed a vile
   333 | D        | Killed a vile
   342 | D        | Noticed a vile
   343 | D        | Killed a vile
   357 | D        | Noticed a vile
   357 | D        | Noticed a vile
   358 | D        | Killed a vile
   358 | D        | Killed a vile
   379 | D        | Noticed a vile
   380 | D        | Killed a vile
   384 | D        | Noticed a vile
   385 | D        | Killed a vile
   387 | D        | Noticed a vile
   387 | D        | Noticed a vile
   388 | D        | Killed a vile
   388 | D        | Noticed a vile
   389 | D        | Killed a vile
   393 | D        | Noticed a vile
   393 | D        | Noticed a vile
   393 | D        | Noticed a vile
   393 | D        | Noticed a vile
   394 | D        | Noticed a vile
   394 | D        | Noticed a vile
   394 | D        | Killed a vile
   394 | D        | Killed a vile
   394 | D        | Killed a vile
   394 | D        | Killed a vile
   394 | D        | Noticed a vile
   394 | D        | Noticed a vile
   395 | D        | Noticed a vile
   396 | D        | Killed a vile
   396 | D        | Killed a vile
   396 | D        | Noticed a vile
   397 | D        | Killed a vile
   397 | D        | Killed a vile
   397 | D        | Killed a vile
   397 | D        | Noticed a vile
   397 | D        | Noticed a fleshlord
   397 | D        | Noticed a vile
   397 | D        | Noticed a vile
   398 | D        | Killed a vile
   398 | D        | Killed a vile
   398 | D        | Killed a vile
   399 | D        | Killed a fleshlord
   399 | D        | Killed a vile
   399 | D        | Killed a vile
   399 | D        | Noticed a meat beast
   399 | D        | Noticed a vile
   400 | D        | Killed a vile
   400 | D        | Killed a meat beast
   401 | D        | Noticed a vile
   402 | D        | Killed a vile
   402 | D        | Noticed a fleshlord
   403 | D        | Killed a fleshlord
   404 | D        | Noticed a meat beast
   404 | D        | Noticed a vile
   404 | D        | Noticed a vile
   404 | D        | Noticed The Unspeakable
   405 | D        | Killed The Unspeakable
   405 | D        | Killed a vile
   405 | D        | Killed a vile
   405 | D        | Noticed a vile
   405 | D        | Noticed a fleshlord
   406 | D        | Got a slimy rune of Zot
   407 | D        | Killed a fleshlord
   407 | D        | Killed a vile
   407 | D        | Noticed a vile
   407 | D        | Noticed a vile
   408 | D        | Killed a vile
   408 | D        | Killed a vile
   409 | D        | Noticed a dread
   409 | D        | Noticed a vile
   410 | D        | Killed a vile
   410 | D        | Killed a dread
   410 | D        | Noticed a dread
   411 | D        | Killed a dread
   411 | D        | Noticed a fleshlord
   411 | D        | Noticed a vile
   412 | D        | Killed a vile
   412 | D        | Killed a fleshlord
   412 | D        | Noticed a vile
   412 | D        | Noticed a vile
   412 | D        | Noticed a vile
   413 | D        | Killed a vile
   413 | D        | Killed a vile
   413 | D        | Killed a vile
   413 | D        | Noticed a destroyer
   414 | D        | Killed a destroyer
   414 | D        | Noticed a vile
   415 | D        | Noticed a vile
   415 | D        | Noticed a fleshlord
   415 | D        | Noticed a vile
   415 | D        | Noticed a vile
   415 | D        | Noticed a vile
   415 | D        | Noticed a fleshlord
   416 | D        | Noticed a vile
   416 | D        | Killed a vile
   416 | D        | Killed a vile
   416 | D        | Noticed a meat beast
   416 | D        | Noticed a vile
   416 | D        | Noticed a vile
   416 | D        | Noticed a vile
   417 | D        | Noticed a vile
   417 | D        | Noticed a vile
   417 | D        | Noticed a fleshlord
   417 | D        | Noticed a destroyer
   417 | D        | Noticed a vile
   417 | D        | Noticed a fleshlord
   417 | D        | Noticed a fleshlord
   417 | D        | Noticed a vile
   417 | D        | Noticed a vile
   417 | D        | Noticed a vile
   417 | D        | Noticed a vile
   417 | D        | Noticed a vile
   417 | D        | Noticed a vile
   417 | D        | Noticed a vile
   417 | D        | Noticed a vile
   417 | D        | Noticed an accursed
   417 | D        | Noticed a vile
   417 | D        | Noticed a vile
   417 | D        | Noticed a vile
   418 | D        | Noticed a vile
   418 | D        | Noticed a vile
   418 | D        | Noticed a destroyer
   418 | D        | Noticed a vile
   418 | D        | Noticed a vile
   419 | D        | Noticed a vile
   419 | D        | Noticed a vile
   419 | D        | Noticed a vile
   420 | D        | Noticed a vile
   420 | D        | Noticed a vile
   420 | D        | Noticed a vile
   420 | D        | Noticed a vile
   420 | D        | Noticed a vile
   421 | D        | Killed a vile
   421 | D        | Killed a fleshlord
   421 | D        | Noticed a vile
   421 | D        | Noticed a vile
   421 | D        | Noticed a fleshlord
   422 | D        | Noticed a vile
   422 | D        | Noticed a vile
   423 | D        | Noticed a vile
   423 | D        | Slain by a meat berserker

Illustrated notes

Levels and vault maps discovered:
D:        meatsprint

Skill      XL: |  1  2  3  4  5  6  7  8  9 10 11 12 13 14 15 16 17 18 19 20 21 22 23 24 25 26 27 |
---------------+----------------------------------------------------------------------------------+-----
Axes           | 24 26 27 | 27.0
Fighting       | 13 17 22 27 | 27.0
Spellcasting   | 10 13 17 22 26 27 | 27.0
Dodging        | 24 27 | 27.0
Stealth        | 21 27 | 27.0
Throwing       | 4 12 21 27 | 27.0
Armour         | 5 14 24 27 | 27.0
Invocations    | 5 14 24 27 | 27.0
Unarmed Combat | 3 27 | 27.0
Short Blades   | 5 13 17 21 27 | 27.0
Long Blades    | 5 13 17 21 27 | 27.0
Maces & Flails | 4 12 16 20 27 | 27.0
Polearms       | 4 12 16 20 27 | 27.0
Staves         | 5 13 17 21 27 | 27.0
Ranged Weapons | 4 12 16 20 27 | 27.0
Shields        | 5 14 19 23 27 | 27.0
Evocations     | 5 14 19 23 27 | 27.0

Action                   |  1- 3 |  4- 6 |  7- 9 | 10-12 | 13-15 | 16-18 | 19-21 | 22-24 | 25-27 || total
-------------------------+-------+-------+-------+-------+-------+-------+-------+-------+-------++-------
Melee: Executioner's axe |     1 |       |       |     1 |     4 |     5 |     6 |    10 |   241 ||   268
 Cast: Manifold Assault  |       |       |       |       |       |       |     1 |       |   137 ||   138
  Use: Potion            |       |       |       |       |       |       |       |       |     1 ||     1
Dodge: Dodged            |       |       |       |       |       |       |     1 |       |     5 ||     6

Table legend: (Time is in decaauts)
 A = Elapsed time spent in this place.
 B = Non-inter-level travel time spent in this place.
 C = Inter-level travel time spent in this place.
 D = Time resting spent in this place.
 E = Time spent auto-exploring this place.
 F = Levels seen in this place.
 G = Mean time per level.
                   A        B        C        D        E       F      G
               +--------+--------+--------+--------+--------+-----+--------+
         Total |    374 |    374 |      0 |    184 |      0 |   1 |  374.0 |
       Dungeon |    374 |    374 |      0 |    184 |      0 |   1 |  374.0 |
               +--------+--------+--------+--------+--------+-----+--------+

Top non-repeatable levels by time:
       D: 374 daAuts
